 Dungeon Crawl Stone Soup version 0.30-a0-722-g3e6e8c874d (webtiles) character file.

Game seed: 14496509894511859936

7 hbarley the Cudgeller (level 2, 0/24 HPs)
             Began as a Ghoul Wanderer on Jan 28, 2023.
             Slain by a bat (1 damage)
             ... on level 1 of the Dungeon.
             The game lasted 00:01:39 (98 turns).

hbarley the Cudgeller (Ghoul Wanderer)                Turns: 98, Time: 00:01:40

Health: 0/24       AC:  3    Str: 16    XL:     2   Next: 0%
Magic:  3/3        EV: 11    Int:  6    God:
Gold:   29         SH:  0    Dex:  8    Spells: 4/4 levels left

rFire   . . .      SeeInvis .    (no weapon)
rCold   + . .      Faith    .    (no shield)
rNeg    + + +      Spirit   .    c - +0 leather armour
rPois   ∞          Reflect  .    (no helmet)
rElec   .          Harm     .    (no cloak)
rCorr   .          Rampage  .    (no gloves)
Will    .....                    (no boots)
Stlth   +                        (no amulet)
HPRegen 0.00/turn                (no ring)
MPRegen 0.08/turn                (no ring)

@: inhibited regen
A: claws 1, cold resistance 1, negative energy resistance 3, inhibited
regeneration, torment resistance 2, devour on kill
a: no special abilities


You were on level 1 of the Dungeon.
You visited 1 branch of the dungeon, and saw 1 of its levels.

You collected 29 gold pieces.

Inventory:

Hand Weapons
 a - a +3 mace
Armour
 c - a +0 leather armour (worn)
Potions
 b - a potion of haste
 d - a potion of might {unknown}


   Skills:
 + Level 2.3 Fighting
 + Level 3.8 Maces & Flails
 + Level 0.2 Dodging
 * Level 0.2 Unarmed Combat
 + Level 1.7 Spellcasting
 + Level 1.5 Air Magic


You had 4 spell levels left.
You didn't know any spells.
Your spell library contained the following spells:

 Spells                   Type           Power      Damage    Failure   Level
 Poisonous Vapours        Pois/Air       2%         N/A       50%         2
 Cigotuvi's Dreadful Rot  Necr/Pois/Air  2%         N/A       54%         2


Dungeon Overview and Level Annotations

Branches:
Dungeon (1/15)

Altars:


Innate Abilities, Weirdness & Mutations

You are immune to poison.
You have sharp fingernails.
Your flesh is cold resistant. (rC+)
You are immune to negative energy. (rN+++)
You do not regenerate when monsters are visible.
You are immune to unholy pain and torment.
You thrive by killing the living.


Message History

The bat barely misses you. The bat closely misses you.
The dart slug bites you but does no damage.
You scratch the dart slug.
The dart slug is heavily wounded.
The bat hits you.
The dart slug bites you but does no damage.
You scratch the dart slug.
The dart slug is almost dead.
The bat misses you. The dart slug launches a dart at you.
The slug dart hits you.
* * * LOW HITPOINT WARNING * * *
You scratch the dart slug but do no damage.
The dart slug is almost dead.
The bat hits you but does no damage.
You completely miss the dart slug.
The dart slug is almost dead.
The dart slug briefly extends its eye-stalks.
The dart slug launches a dart at you.
The slug dart hits you but does no damage.
The bat hits you.
* * * LOW HITPOINT WARNING * * *
You scratch the dart slug.
You kill the dart slug!
The bat closely misses you. The bat hits you.
* * * LOW HITPOINT WARNING * * *
You have reached level 2!
You closely miss the bat. The bat hits you but does no damage.
The bat closely misses you. The bat misses you.
You barely miss the bat. The bat barely misses you. The bat hits you.
* * * LOW HITPOINT WARNING * * *
You barely miss the bat. The bat hits you but does no damage.
The bat barely misses you.
You barely miss the bat. The bat hits you.
* * * LOW HITPOINT WARNING * * *
The bat barely misses you.
You barely miss the bat. The bat closely misses you. The bat hits you.
* * * LOW HITPOINT WARNING * * *
The bat hits you.
You die...

....##.#..###
.##...#.....####
.##..#.##...###
.###..#######
..##...####...#
.# .... #.#....#
###.##.# ......
.#.##.#
#....##.......#
.#. #.#
###.##.........
.#. #..
#.....#..#..#.
.. #### #.†b#..#
.# #.#@b#..# ..
..b#...#..#
.......#..#..
#.....#.......
....#######.###
##.. .# .. #


You could see 2 bats.

Vanquished Creatures
  A dart slug (D:1)
  A ball python (D:1)
  A bat (D:1)
  A frilled lizard (D:1)
  3 kobolds (D:1)
7 creatures vanquished.

Notes
Turn   | Place    | Note
-------+----------+-------------------------------------------
     0 | D:1      | hbarley the Ghoul Wanderer began the quest for the Orb.
     0 | D:1      | hbarley set off with the following items: a +3 mace, a
                  | potion of haste, a +0 leather armour; and the following
                  | spells available to memorise: Poisonous Vapours, Cigotuvi's
                  | Dreadful Rot.
     0 | D:1      | Reached XP level 1. HP: 17/17 MP: 2/2
    94 | D:1      | Reached XP level 2. HP: 4/24 MP: 3/3
    98 | D:1      | HP: 1/24 [bat (1)]
    98 | D:1      | Slain by a bat

Illustrated notes

Levels and vault maps discovered:
D:1:      dpeg_arrival_arbitrary_c, layout_rooms, minmay_misc_feat_diagonals,
          nicolae_figureground_sparkle

Action                     || total
---------------------------++-------
  Melee: Unarmed           ||    30
 Armour: Leather armour    ||    21
  Dodge: Dodged            ||    34

Table legend: (Time is in decaauts)
 A = Elapsed time spent in this place.
 B = Non-inter-level travel time spent in this place.
 C = Inter-level travel time spent in this place.
 D = Time resting spent in this place.
 E = Time spent auto-exploring this place.
 F = Levels seen in this place.
 G = Mean time per level.
                   A        B        C        D        E       F      G
               +--------+--------+--------+--------+--------+-----+--------+
         Total |     97 |     85 |     12 |      0 |     38 |   1 |   97.0 |
       Dungeon |     97 |     85 |     12 |      0 |     38 |   1 |   97.0 |
               +--------+--------+--------+--------+--------+-----+--------+

Top non-repeatable levels by time:
     D:1: 97 daAuts
